 Dungeon Crawl Stone Soup version 0.28-a0-465-ge2dae52223 (webtiles) character file.

Game seed: 15611392972970193756

3350 Zenkrye the Martial Artist (level 10, 0/70 HPs)
             Began as a Djinni Transmuter on Sept 14, 2021.
             Was a Believer of Makhleb.
             Slain by an orc warrior (9 damage)
             ... on level 8 of the Dungeon.
             The game lasted 00:21:47 (11092 turns).

Zenkrye the Martial Artist (Djinni Transmuter)     Turns: 11092, Time: 00:21:48

Health: 0/70       AC:  2    Str:  9    XL:     10   Next: 22%
Gold:   425        EV: 25    Int: 18    God:    Makhleb [**....] SH:  0 Dex: 19

rFire   . . .      SeeInvis .     - Unarmed
rCold   . . .      Faith    +   (shield currently unavailable)
rNeg    . . .      Spirit   .   (armour currently unavailable)
rPois   ∞          Reflect  .   (helmet currently unavailable)
rElec   .          Harm     .   (cloak currently unavailable)
rCorr   .          Rampage  .   (gloves currently unavailable)
Will    +....                   (boots unavailable)
Stlth   ++........              g - amulet of faith
HPRegen 0.21/turn               w - ring of wizardry
MPRegen 0.00/turn               (no ring)

@: confusing by touch, spider-form, wereblooded, flying, studying Dodging
A: venomous fangs, flying, sickness immunity, tiny, (fire resistance 2), (cold
vulnerability 1), float, innate caster, hp casting, extra vitality 1
a: End Transformation, Renounce Religion, Minor Destruction


You were on level 8 of the Dungeon.
You worshipped Makhleb.
Makhleb was pleased with you.
You were a venomous arachnid creature.
You visited 1 branch of the dungeon, and saw 8 of its levels.

You collected 425 gold pieces.

Inventory:

Hand Weapons
 b - a +0 short sword of venom
 h - a +1 hand crossbow (melded)
Missiles
 e - 195 bolts
 n - 7 javelins
 q - 3 silver javelins
 u - 5 atropa-tipped darts
 C - 7 boomerangs
Armour
 a - a +1 robe (melded)
 x - a +0 helmet (melded)
Jewellery
 g - an amulet of faith (around neck)
 j - an amulet of the acrobat
 p - a ring of see invisible
 w - a ring of wizardry (left front leg)
Wands
 i - a wand of polymorph (15)
 A - a wand of digging (4) {@v1}
Scrolls
 f - a scroll of fear
 o - a scroll of enchant armour
 v - 4 scrolls of teleportation {@r3}
 B - a scroll of immolation
Potions
 c - 3 potions of brilliance {unknown}
 d - 3 potions of curing {@q1}
 k - a potion of cancellation
 m - a potion of haste {unknown}
 r - 2 potions of magic {unknown}
 s - a potion of degeneration {unknown}
 t - 3 potions of heal wounds {unknown}
 z - 2 potions of attraction {unknown}


   Skills:
 + Level 5.5 Fighting
 + Level 7.5 Dodging
 * Level 9.8 Unarmed Combat
 + Level 5.2 Spellcasting


You couldn't memorise any spells.
You knew the following spells:

 Your Spells              Type           Power      Damage    Failure   Level
a - Beastly Appendage     Tmut           46%        N/A       2%          1
b - Wereblood             Tmut           23%        N/A       3%          2
c - Spider Form           Tmut/Pois      11%        N/A       6%          3
d - Ice Form              Ice/Tmut       23%        N/A       14%         4
e - Shock                 Conj/Air       92%        1d8       2%          1
f - Call Imp              Summ           23%        N/A       3%          2
g - Confusing Touch       Hex            23%        N/A       6%          3
h - Gell's Gravitas       Tloc           11%        N/A       6%          3
Your spell library was empty.

Dungeon Overview and Level Annotations

Branches:
Dungeon (8/15)             Temple (0/1) D:5
   Lair: D:8-11

Altars:
Kikubaaqudgha
Makhleb
Ru

Shops:
D:1 =   D:3 (   D:4 *


Innate Abilities, Weirdness & Mutations

You are a venomous arachnid creature.
You have poisonous fangs.
You are tiny and dextrous.
You are flying.
Your spellcasting is less reliable in this form.
Your armour is entirely melded.
You are incapable of wielding weapons or throwing items.
You are immune to sickness and miasma.
You are immune to poison.
((Your flesh is very heat resistant. (rF++)))
((You are vulnerable to cold. (rC-)))
You float through the air rather than walking.
You learn spells naturally, not from books.
Your magical power is your life essence.
You have superior vitality. (+4 HP)


Message History

The bullfrog closely misses you. The orc wizard misses you.
You hit the bullfrog.
The bullfrog is almost dead.
The bullfrog hits you.
An orc comes into view. It is wielding a +0 hand axe.
You bite the bullfrog!
You feel a bit better.
You kill the bullfrog!
Makhleb accepts your kill.
The orc wizard hits you with a +0 dagger.
You bite the orc warrior!
The orc warrior is poisoned.
The orc warrior is moderately wounded.
You hiss as the wereblood boils in your veins!
The orc wizard completely misses you.
The orc warrior hits you with a +0 hand axe!
The orc priest closely misses you.
Your magical contamination has completely faded away.
Casting: Spider Form (dangerous; 6% risk of failure)
Confirm with . or Enter, or press ? or * to list all spells.
Your front legs begin to glow red.
You hiss as the wereblood boils in your veins!
The orc wizard misses you. The orc priest closely misses you.
The orc warrior closely misses you.
You hit the orc priest but do no damage.
The orc wizard hits you with a +0 dagger.
You barely miss the orc priest.
The orc priest calls down the wrath of Beogh upon you.
You resist with significant effort.
The orc warrior hits you with a +0 hand axe!
The orc wizard hits you with a +0 dagger.
You barely miss the orc priest.
You hiss as the wereblood boils in your veins!
The orc priest hits you with a +0 flail!
* * * LOW HITPOINT WARNING * * *
The orc warrior hits you with a +0 hand axe.
* * * LOW HITPOINT WARNING * * *
The orc wizard casts a spell at you.
You easily resist.
The orc priest misses you.
The orc warrior hits you with a +0 hand axe!
You die...

#######
###>.....
........#
##......#
........#
#.......#######
#......soo.....
#+#....oo......
.?......o......
......(........
...............
...............
....$..........
...####........


You could see an orc warrior (poisoned), an orc priest, an orc wizard and 2
orcs.

Vanquished Creatures
  A hornet (D:5)
  A steam dragon (D:6)
  A hornet zombie (D:5)
  2 ice beasts
  2 black bears (D:7)
  3 necrophages
  4 ogres
  2 centaurs
  2 phantoms
  A bullfrog (D:8)
  3 scorpions
  A water moccasin zombie (D:6)
  A water moccasin skeleton (D:5)
  8 wights
  4 bullfrog zombies
  3 centaur zombies
  A bullfrog skeleton (D:6)
  A hound (D:6)
  3 orc priests
  A human zombie (D:5)
  A jelly (D:5)
  2 centaur skeletons
  4 iguanas
  2 orc wizards
  3 hound skeletons
  3 mummies (D:5)
  A howler monkey zombie (D:6)
  A howler monkey skeleton (D:2)
  A gnoll (D:3)
  8 adders
  A white imp (D:7)
  An ufetubus (D:6)
  An adder zombie (D:5)
  A worm (D:2)
  3 dart slugs
  22 orcs
  5 bats
  9 endoplasms
  4 giant cockroaches
  4 goblins
  8 hobgoblins
  5 jackals (D:2)
  14 kobolds
  3 quokkas
  6 ball pythons
  6 frilled lizards
  9 rats
173 creatures vanquished.

Vanquished Creatures (others)
  5 plants (D:1)
5 creatures vanquished.

Grand Total: 178 creatures vanquished

Notes
Turn   | Place    | Note
-------+----------+-------------------------------------------
     0 | D:1      | Zenkrye the Djinni Transmuter began the quest for the Orb.
     0 | D:1      | Reached XP level 1. HP: 17/17 MP: 0/0
   336 | D:1      | Reached XP level 2. HP: 13/22 MP: 0/0
   836 | D:1      | Reached XP level 3. HP: 27/27 MP: 0/0
   836 | D:1      | Learned a level 1 spell: Shock
   879 | D:1      | Found Ydumpuesh's Jewellery Emporium.
   890 | D:1      | Noticed a shining eye
   919 | D:1      | Noticed a great orb of eyes
   922 | D:1      | Noticed a great orb of eyes
  1009 | D:1      | Found a faded altar of an unknown god.
  1011 | D:1      | Noticed a great orb of eyes
  1471 | D:2      | Reached skill level 4 in Unarmed Combat
  1705 | D:2      | Reached XP level 4. HP: 32/32 MP: 0/0
  2659 | D:2      | Reached XP level 5. HP: 34/37 MP: 0/0
  2659 | D:2      | Learned a level 2 spell: Call Imp
  3383 | D:3      | Reached skill level 5 in Unarmed Combat
  3649 | D:3      | Found a sacrificial altar of Ru.
  3691 | D:3      | Found Zifefupi's Weapon Shop.
  3823 | D:3      | Reached XP level 6. HP: 33/42 MP: 0/0
  4330 | D:4      | Found Fiukh's Assorted Antiques.
  4475 | D:4      | Noticed an ogre
  4485 | D:4      | Killed an ogre
  4864 | D:4      | Reached skill level 6 in Unarmed Combat
  4864 | D:4      | Reached XP level 7. HP: 32/47 MP: 0/0
  4864 | D:4      | Learned a level 3 spell: Confusing Touch
  5753 | D:4      | Found a burning altar of Makhleb.
  5783 | D:4      | Became a worshipper of Makhleb the Destroyer
  5925 | D:5      | Entered Level 5 of the Dungeon
  6091 | D:5      | Noticed a hornet
  6100 | D:5      | Reached XP level 8. HP: 7/55 MP: 0/0
  6472 | D:5      | Reached skill level 7 in Unarmed Combat
  6859 | D:5      | Found a staircase to the Ecumenical Temple.
  6965 | D:5      | Killed a hornet
  7457 | D:5      | Reached XP level 9. HP: 38/62 MP: 0/0
  7457 | D:5      | Learned a level 3 spell: Gell's Gravitas
  7616 | D:5      | Reached skill level 8 in Unarmed Combat
  7813 | D:5      | Reached skill level 5 in Dodging
  7898 | D:5      | Reached * piety under Makhleb
  8140 | D:5      | Identified a scroll of acquirement
  8140 | D:5      | Acquired a manual of Dodging
  9002 | D:6      | Reached skill level 9 in Unarmed Combat
  9517 | D:6      | Reached skill level 5 in Fighting
  9764 | D:6      | Reached XP level 10. HP: 70/70 MP: 0/0
  9958 | D:7      | Reached skill level 5 in Spellcasting
 10186 | D:7      | Reached ** piety under Makhleb
 11092 | D:8      | Slain by an orc warrior

Illustrated notes

Levels and vault maps discovered:
D:1:      amcnicky_arrival_flooded_fountain, layout_basic,
          hellmonk_ecumenical_altar_watching_god, serial_shops, shop,
          lexackson_kobold_supper
D:2:      minmay_razor_zed, layout_basic, minmay_split_cup_small
D:3:      layout_basic, marbit_many_paths, serial_co_window_serial,
          co_window_paths_a, co_window_paths_a, co_window_paths_a,
          co_window_corner_a, co_window_paths_a, co_window_paths_c,
          co_window_of_opportunity_b, co_window_corner_b, co_window_cross_4,
          glass_columns_a, glass_columns_c, glass_columns_a, glass_columns_b,
          glass_columns_a, serial_shops, nicolae_diamond_shop, st_stairs_9
D:4:      layout_basic, makhleb_blood_cavern_becter, serial_shops, shop
D:5:      layout_gridville, lemuel_mausoleum_altar_kikubaaqudgha,
          minmay_temple_entry_statues_pillars
D:6:      layout_loops_ring
D:7:      layout_cave_pods
D:8:      layout_basic, jmf_multi_god_temple

Skill      XL: |  1  2  3  4  5  6  7  8  9 10 |
---------------+-------------------------------+-----
Spellcasting   | 2 3 4 5 |  5.2
Unarmed Combat | 4 5 6 7 9 |  9.8
Fighting       | 2 3 5 |  5.5
Dodging        | 3 4 6 7 |  7.5

Action                   |  1- 3 |  4- 6 |  7- 9 | 10-12 || total
-------------------------+-------+-------+-------+-------++-------
Melee: Unarmed           |    56 |    63 |   222 |    54 ||   395
       Headbutt          |     6 |       |       |       ||     6
       Punch             |     1 |       |       |       ||     1
 Fire: Hunting sling     |    47 |    84 |       |       ||   131
       Hand crossbow     |       |    16 |    79 |    19 ||   114
 Cast: Beastly Appendage |    12 |       |       |       ||    12
       Spider Form       |     2 |    16 |    12 |     4 ||    34
       Wereblood         |       |     1 |     1 |     2 ||     4
       Ice Form          |       |       |    22 |     4 ||    26
       Confusing Touch   |       |       |    14 |     2 ||    16
 Abil: End Transformatio |       |       |     1 |       ||     1
  Use: Scroll            |       |     6 |     7 |     1 ||    14
       Potion            |       |       |     2 |       ||     2
 Stab: Confused          |       |       |    10 |     1 ||    11
Armor: Robe              |     5 |     3 |     1 |     1 ||    10
       Skin              |     1 |     5 |    38 |     5 ||    49
Dodge: Dodged            |    44 |    64 |   132 |    73 ||   313

Table legend: (Time is in decaauts)
 A = Elapsed time spent in this place.
 B = Non-inter-level travel time spent in this place.
 C = Inter-level travel time spent in this place.
 D = Time resting spent in this place.
 E = Time spent auto-exploring this place.
 F = Levels seen in this place.
 G = Mean time per level.
                   A        B        C        D        E       F      G
               +--------+--------+--------+--------+--------+-----+--------+
         Total |  11114 |  10850 |    264 |    880 |   8565 |   8 | 1389.2 |
       Dungeon |  11114 |  10850 |    264 |    880 |   8565 |   8 | 1389.2 |
               +--------+--------+--------+--------+--------+-----+--------+

Top non-repeatable levels by time:
     D:5: 2219 daAuts
     D:4: 1804 daAuts
     D:2: 1732 daAuts
     D:6: 1694 daAuts
     D:1: 1363 daAuts
     D:7: 1237 daAuts
     D:3: 1050 daAuts
     D:8: 13 daAuts
